 Dungeon Crawl Stone Soup version 0.28.0-43-g3370ac3207 (webtiles) character file.

Game seed: 4138958242410247754

101 Ablot the Grasshopper (level 4, -1/38 HPs)
             Began as a Gnoll Warper on Mar 21, 2022.
             Slain by a gnoll shaman
             ... wielding a +0 whip
              (3 damage)
             ... on level 2 of the Dungeon.
             The game lasted 00:03:05 (2907 turns).

Ablot the Grasshopper (Gnoll Warper)                Turns: 2907, Time: 00:03:06

Health: -1/38      AC:  4    Str: 12    XL:     4   Next: 75%
Magic:  8/11       EV: 12    Int: 13    God:
Gold:   87         SH:  0    Dex: 11    Spells: 11/13 levels left

rFire   . . .      SeeInvis .   a - +3 spear
rCold   . . .      Faith    .   (no shield)
rNeg    . . .      Spirit   .   b - +0 leather armour
rPois   +          Reflect  .   (no helmet)
rElec   .          Harm     .   h - +0 cloak
rCorr   .          Rampage  .   (no gloves)
Will    .....                   (no boots)
Stlth   +.........              (no amulet)
HPRegen 0.12/turn               l - ring of poison resistance
MPRegen 0.12/turn               (no ring)

@: on blink cooldown
A: fangs 1, strong nose, distributed training
a: no special abilities


You were on level 2 of the Dungeon.
You visited 1 branch of the dungeon, and saw 3 of its levels.

You collected 87 gold pieces.

Inventory:

Hand Weapons
 a - a +3 spear (weapon)
Missiles
 d - 5 boomerangs of dispersal
 e - 53 stones (quivered)
 m - 18 bolts
Armour
 b - a +0 leather armour (worn)
 h - a +0 cloak (worn)
Jewellery
 l - a ring of poison resistance (left hand)
Scrolls
 c - a scroll of blinking
 f - a scroll of amnesia {unknown}
 j - a scroll of fog {unknown}
 k - 2 scrolls of identify {unknown}
 o - a scroll of fear {unknown}
 p - a scroll of teleportation {unknown}
Potions
 g - a potion of curing {unknown}
 i - a potion of flight {unknown}
 n - a potion of mutation {unknown}


   Skills:
 + Level 4.7 Fighting
 + Level 1.2 Short Blades
 + Level 1.2 Long Blades
 + Level 1.2 Axes
 + Level 1.2 Maces & Flails
 + Level 4.7 Polearms
 + Level 1.2 Staves
 + Level 1.2 Slings
 + Level 1.2 Bows
 + Level 1.2 Crossbows
 + Level 2.8 Throwing
 + Level 2.8 Armour
 + Level 4.7 Dodging
 + Level 1.2 Stealth
 + Level 1.2 Shields
 + Level 1.2 Unarmed Combat
 + Level 5.1 Spellcasting
 + Level 1.0 Conjurations
 + Level 1.0 Hexes
 + Level 1.0 Summonings
 + Level 1.0 Necromancy
 + Level 5.5 Translocations
 + Level 1.0 Transmutations
 + Level 1.0 Fire Magic
 + Level 1.0 Ice Magic
 + Level 1.0 Air Magic
 + Level 1.0 Earth Magic
 + Level 1.0 Poison Magic
 + Level 1.3 Invocations
 + Level 1.2 Evocations


You had 11 spell levels left.
You knew the following spells:

 Your Spells              Type           Power      Damage    Failure   Level
a - Blink                 Tloc           34%        N/A       3%          2

Your spell library contained the following spells:

 Spells                   Type           Power      Damage    Failure   Level
 Gell's Gravitas          Tloc           17%        N/A       8%          3
 Lesser Beckoning         Tloc           17%        N/A       8%          3
 Teleport Other           Tloc           17%        N/A       8%          3
 Beastly Appendage        Tmut           10%        N/A       16%         1
 Wereblood                Tmut           5%         N/A       24%         2
 Spider Form              Tmut/Pois      5%         N/A       43%         3
 Manifold Assault         Tloc           17%        N/A       56%         5


Dungeon Overview and Level Annotations

Branches:
Dungeon (3/15)

Altars:

Shops:
D:1 =


Innate Abilities, Weirdness & Mutations

You have very sharp teeth.
Your uncanny sense of smell can sniff out nearby items.
Your experience applies equally to all skills.


Message History

Press: ? - help, Q - select action, (/) - cycle Shift-Dir - straight line, f - gnoll shaman
Aim: a gnoll shaman, wielding a +0 whip and wearing a +0 leather armour (moderately wounded, 63% to hit)
You throw a stone. The stone hits the gnoll shaman.
The gnoll shaman is moderately wounded.
Throw: 55 stones
Press: ? - help, Q - select action, (/) - cycle Shift-Dir - straight line, f/p - gnoll shaman
Aim: a gnoll shaman, wielding a +0 whip and wearing a +0 leather armour (moderately wounded, 63% to hit)
You throw a stone.
The stone hits the gnoll shaman but does no damage.
The gnoll shaman is moderately wounded.
Throw: 54 stones
Press: ? - help, Q - select action, (/) - cycle Shift-Dir - straight line, f/p - gnoll shaman
Aim: a gnoll shaman, wielding a +0 whip and wearing a +0 leather armour (moderately wounded, 63% to hit)
You throw a stone.
The stone hits the gnoll shaman but does no damage.
The gnoll shaman is moderately wounded.
Reach: a) +3 spear
Press: ? - help, Dir - move target, f/p - gnoll shaman
Aim: a gnoll shaman, wielding a +0 whip and wearing a +0 leather armour (moderately wounded, about 31% to evade your +3 spear)
You reach to attack!
You hit the gnoll shaman.
The gnoll shaman is heavily wounded.
The gnoll shaman calls down the wrath of its god upon you.
You resist with some effort.
Reach: a) +3 spear
Press: ? - help, Dir - move target, f/p - gnoll shaman
Aim: a gnoll shaman, wielding a +0 whip and wearing a +0 leather armour (heavily wounded, about 31% to evade your +3 spear)
You reach to attack!
You hit the gnoll shaman.
The gnoll shaman is severely wounded.
You feel stable enough to blink again.
Casting: Blink (safe; 3% risk of failure)
Confirm with . or Enter, or press ? or * to list all spells.
You blink.
You hit the gnoll shaman but do no damage.
The gnoll shaman is severely wounded.
The gnoll shaman mumbles some strange prayers to its god.
The gnoll shaman is healed somewhat.
You closely miss the gnoll shaman.
The gnoll shaman is moderately wounded.
The gnoll shaman hits you with a +0 whip.
You die...

...##.##.###......###..## #.##
##.#...#..###.[##.......######.##
.......#...######.###............
##.#...##..............#######.#.
#...#####.......######## #...
#...# ####.#### ###. #...# ##.##
#. #...# #...####### #.
#...#######.....@...###### #.
#.........#....#g##......# #.
............#............# #.
.....)......#..#.........# #.
............#..#..#((.†)<# ####.
#...........).......>)...# #....
#...#.#######......>###### #.##.
......# #..####.# #.##. ....#.#
#.......# #.##.


You could see a gnoll shaman.

Vanquished Creatures
  3 gnolls
  An adder (D:2)
  2 worms (D:2)
  3 dart slugs (D:1)
  5 endoplasms
  A giant cockroach (D:1)
  4 goblins
  3 hobgoblins
  7 jackals
  A quokka (D:1)
  2 ball pythons
  6 bats
  4 frilled lizards
  3 kobolds
  6 rats
51 creatures vanquished.

Notes
Turn   | Place    | Note
-------+----------+-------------------------------------------
     0 | D:1      | Ablot the Gnoll Warper began the quest for the Orb.
     0 | D:1      | Reached XP level 1. HP: 20/20 MP: 6/6
    35 | D:1      | Reached XP level 2. HP: 18/26 MP: 7/7
    38 | D:1      | Learned a level 2 spell: Blink
   334 | D:1      | Found a faded altar of an unknown god.
   635 | D:1      | Reached XP level 3. HP: 31/31 MP: 9/9
   705 | D:1      | Reached skill level 5 in Spellcasting
  1311 | D:1      | Found Baivvuh's Jewellery Boutique.
  1457 | D:2      | Reached skill level 1 in Invocations
  1641 | D:2      | Reached skill level 1 in Short Blades
  1641 | D:2      | Reached skill level 1 in Long Blades
  1641 | D:2      | Reached skill level 1 in Axes
  1641 | D:2      | Reached skill level 1 in Maces & Flails
  1641 | D:2      | Reached skill level 1 in Staves
  1641 | D:2      | Reached skill level 1 in Slings
  1641 | D:2      | Reached skill level 1 in Bows
  1641 | D:2      | Reached skill level 1 in Crossbows
  1641 | D:2      | Reached skill level 1 in Stealth
  1641 | D:2      | Reached skill level 1 in Shields
  1641 | D:2      | Reached skill level 1 in Unarmed Combat
  1641 | D:2      | Reached skill level 1 in Evocations
  1838 | D:2      | Reached XP level 4. HP: 19/38 MP: 11/11
  2668 | D:2      | Reached skill level 1 in Conjurations
  2668 | D:2      | Reached skill level 1 in Hexes
  2668 | D:2      | Reached skill level 1 in Summonings
  2668 | D:2      | Reached skill level 1 in Necromancy
  2668 | D:2      | Reached skill level 1 in Transmutations
  2668 | D:2      | Reached skill level 1 in Fire Magic
  2668 | D:2      | Reached skill level 1 in Ice Magic
  2668 | D:2      | Reached skill level 1 in Air Magic
  2668 | D:2      | Reached skill level 1 in Earth Magic
  2668 | D:2      | Reached skill level 1 in Poison Magic
  2898 | D:2      | HP: 1/38 [gnoll shaman/+0 whip (7)]
  2907 | D:2      | Slain by a gnoll shaman

Illustrated notes

Levels and vault maps discovered:
D:1:      scummos_arrival_simple_crosswalls, layout_basic,
          hellmonk_ecumenical_altar_dog_temple, serial_shops,
          nicolae_shop_behind_doors, serial_co_window_serial, co_window_paths_a,
          co_window_cross_1, co_window_paths_a, co_window_paths_a,
          co_window_of_opportunity_a, co_window_corner_b, co_window_broadway_c,
          co_window_2corner, co_window_unsneaky_path_c, co_window_corner_b,
          co_window_broadway_c, glass_columns_a, glass_columns_b,
          glass_columns_a
D:2:      layout_loops_cross, minmay_cupped
D:3:      layout_basic, serial_shops, nicolae_shop_competitors_out_of_business,
          serial_park_tiny_pond, st_stairs_2, roderic_lattice_a, minmay_between

Skill      XL: |  1  2  3  4 |
---------------+-------------+-----
Spellcasting   | 5 |  5.1
Invocations    | 1 |  1.3
Short Blades   | 1 |  1.2
Long Blades    | 1 |  1.2
Axes           | 1 |  1.2
Maces & Flails | 1 |  1.2
Staves         | 1 |  1.2
Slings         | 1 |  1.2
Bows           | 1 |  1.2
Crossbows      | 1 |  1.2
Stealth        | 1 |  1.2
Shields        | 1 |  1.2
Unarmed Combat | 1 |  1.2
Evocations     | 1 |  1.2
Conjurations   | 1 |  1.0
Hexes          | 1 |  1.0
Summonings     | 1 |  1.0
Necromancy     | 1 |  1.0
Transmutations | 1 |  1.0
Fire Magic     | 1 |  1.0
Ice Magic      | 1 |  1.0
Air Magic      | 1 |  1.0
Earth Magic    | 1 |  1.0
Poison Magic   | 1 |  1.0
Fighting       | |  4.7
Polearms       | |  4.7
Throwing       | |  2.8
Armour         | |  2.8
Dodging        | |  4.7
Translocations | |  5.5

Action                   |  1- 3 |  4- 6 || total
-------------------------+-------+-------++-------
Melee: Spear             |   189 |    47 ||   236
       Bite              |    18 |     3 ||    21
Throw: Stone             |     2 |    11 ||    13
 Cast: Blink             |       |     3 ||     3
 Stab: Sleeping          |     2 |       ||     2
       Distracted        |       |     1 ||     1
Armor: Leather armour    |    18 |     5 ||    23
Dodge: Dodged            |    95 |    25 ||   120
